Map: Lerilak Crest

Players

Lambo

  • Race: Zerg Zerg
  • League: Grandmaster

Reynor - Winner!

  • Race: Zerg Zerg
  • League: Grandmaster

Event: DreamHack ROCCAT LotV Championship

VOD

Have the link to the VOD?

Description

Time

  • Played on: Nov. 26, 2015, 8:13 a.m.
  • Length: 9:42

All games in this series

Show
View Real Time Build Order
Export as new Build Order

Lambo Zerg 

Build Orders: Hatch First, Zergling Baneling 

Get SALT Encoding   

  12  0:01  Drone  
  13  0:12  Overlord  
  13  0:17  Drone  
  14  0:31  Drone x2  
  14  0:35  Drone  
  17  0:53  Hatchery  
  17  0:55  Drone  
  17  1:08  Spawning Pool  
  17  1:10  Extractor  
  15  1:13  Drone  
  15  1:16  Drone  
  17  1:20  Drone  
  18  1:28  Drone  
  19  1:39  Overlord  
  19  1:54  Queen  
  21  2:05  Queen  
  21  2:06  Zergling x6  
  26  2:09  Metabolic Boost  
  26  2:12  Zergling x2  
  27  2:18  Zergling x2  
  28  2:23  Drone  
  29  2:31  Baneling Nest  
  28  2:43  Drone x2  
  30  2:46  Drone  
  30  2:48  Overlord  
  31  2:56  Drone x2  
  33  2:59  Zergling x2  
  34  3:08  Zergling x6  
  35  3:14  Zergling x6  
  35  3:15  Spine Crawler  
  35  3:18  Baneling x2  
  34  3:25  Queen  
  36  3:27  Baneling x2  
  36  3:32  Baneling x2  
  36  3:36  Drone  
  36  3:37  Drone  
  37  3:45  Drone x3  
  41  3:55  Zergling x4  
  43  3:57  Overlord  
  43  4:09  Overlord  
  43  4:12  Zergling x2  
  43  4:15  Overlord  
  43  4:18  Baneling x4  
  43  4:23  Zergling x6  
  43  4:24  Zergling x8  
  49  4:32  Zergling x2  
  50  4:39  Hatchery  
  50  4:40  Zergling x4  
  47  4:46  Zergling x2  
  47  5:02  Zergling x6  
  47  5:04  Evolution Chamber  
  49  5:09  Zergling x2  
  48  5:16  Zergling x14  
  55  5:24  Baneling x8  
  55  5:31  Zergling x4  
  55  5:34  Drone  
  51  5:45  Drone x2  
  44  5:59  Roach Warren  
  44  6:02  Drone x3  
  42  6:14  Spine Crawler, Zergling x8  
  44  6:22  Spine Crawler  
  44  6:24  Zergling x8  
  47  6:26  Queen x2  
  50  6:36  Extractor  
  49  6:40  Roach x6  
  49  6:41  Roach  
  61  6:48  Roach x2  
  61  6:53  Zergling x6  
  66  7:08  Zergling x2  
  66  7:09  Zergling x2  
  57  7:23  Zergling x12  
  53  7:32  Zergling x6  
  42  7:45  Zergling x6  
  42  7:46  Roach x3  
  51  7:55  Queen  
  51  7:58  Roach  
  55  8:04  Overlord  
  55  8:10  Overlord  
  55  8:13  Overlord x2  
  55  8:18  Overlord  
  48  8:28  Roach x2, Zergling x2  
  33  8:53  Zergling x2  
  33  8:54  Zergling x2  
  35  9:07  Ravager, Zergling x2  
  37  9:14  Zergling x2  
  36  9:22  Baneling  
  35  9:25  Baneling  
Show
View Real Time Build Order
Export as new Build Order

Reynor Zerg - Winner!

Build Orders: Pool First 

Get SALT Encoding   

  12  0:01  Drone  
  13  0:12  Overlord  
  13  0:17  Drone  
  14  0:23  Extractor  
  14  0:24  Drone  
  15  0:31  Drone  
  16  0:38  Drone  
  17  0:46  Extractor  
  17  0:48  Spawning Pool  
  15  0:50  Drone  
  15  0:55  Drone  
  17  1:06  Drone  
  18  1:17  Drone  
  19  1:28  Hatchery  
  18  1:35  Queen  
  18  1:38  Zergling x2  
  21  1:44  Overlord  
  21  1:51  Metabolic Boost  
  21  1:56  Drone  
  22  2:03  Drone  
  23  2:11  Baneling Nest, Zergling x2  
  23  2:19  Queen  
  25  2:23  Drone  
  26  2:32  Zergling x2  
  26  2:43  Drone, Zergling x6  
  30  2:46  Drone  
  31  2:52  Zergling x2  
  31  2:55  Drone, Baneling  
  33  3:03  Overlord  
  33  3:07  Zergling x2  
  33  3:14  Drone  
  33  3:18  Queen  
  33  3:19  Overlord  
  36  3:25  Drone  
  36  3:26  Drone  
  36  3:27  Baneling  
  38  3:29  Drone x2  
  38  3:32  Baneling x2  
  40  3:37  Zergling x2  
  42  3:41  Drone x3  
  42  3:43  Zergling x2  
  44  3:50  Spine Crawler  
  44  3:53  Drone x2  
  45  4:03  Roach Warren  
  45  4:04  Drone x2  
  45  4:08  Drone x2  
  48  4:12  Overlord  
  48  4:13  Drone  
  49  4:17  Drone x2  
  49  4:45  Roach  
  50  4:46  Roach x4  
  50  4:51  Overlord  
  50  4:52  Zergling x2  
  59  4:59  Baneling  
  58  5:02  Roach  
  58  5:05  Overlord  
  60  5:11  Overlord, Roach x3  
  60  5:12  Roach  
  65  5:15  Zergling x2  
  65  5:18  Baneling x2  
  66  5:22  Zergling x4  
  66  5:24  Extractor  
  66  5:27  Hatchery  
  66  5:30  Roach  
  66  5:31  Roach  
  66  5:44  Zergling x12  
  66  5:47  Drone  
  72  5:55  Queen  
  57  6:03  Zergling x4  
  59  6:08  Drone  
  59  6:10  Drone  
  61  6:19  Zergling x2  
  61  6:23  Drone x2  
  64  6:30  Zergling x6  
  64  6:31  Drone  
  68  6:35  Baneling x2  
  68  6:36  Queen  
  69  6:40  Drone  
  69  6:48  Zergling x2  
  69  6:49  Zergling x4  
  69  6:50  Zergling x2  
  69  6:51  Drone  
  73  6:57  Zergling x2  
  74  7:02  Zergling x2  
  74  7:04  Zergling x2  
  74  7:05  Zergling x6  
  77  7:15  Zergling x2  
  73  7:17  Drone  
  73  7:18  Drone x2  
  73  7:19  Zergling x2  
  70  7:26  Zergling x2  
  70  7:29  Zergling x2  
  65  7:30  Queen  
  65  7:33  Lair  
  65  7:36  Evolution Chamber, Drone  
  57  7:41  Zergling x2  
  52  7:47  Roach  
  52  7:51  Drone x4  
  52  7:53  Queen  
  52  7:55  Roach x3  
  64  8:02  Drone  
  64  8:03  Drone  
  66  8:07  Drone x2, Roach  
  66  8:09  Drone  
  71  8:13  Roach  
  71  8:17  Baneling  
  73  8:20  Zergling x4  
  73  8:23  Roach  
  73  8:29  Zergling x4  
  73  8:31  Drone  
  72  8:35  Drone x3  
  72  8:43  Baneling x3  
  72  8:44  Zergling x2  
  69  8:53  Roach  
  69  8:54  Zergling x2  
  69  8:55  Zergling x2  
  72  9:00  Zergling x2  
  73  9:06  Roach  
  73  9:07  Zergling x2  
  76  9:13  Zergling x8  
  76  9:15  Baneling  
  79  9:21  Zergling x6  

Tags
 
Add a new tag
Caveats
  • Supply blocks, unpowered buildings, or Contaminate may cause inaccurate times.
  • Supply counts are checked every 10 seconds.